 Dungeon Crawl Stone Soup version 0.31-a0-236-g9a0961fb85 (webtiles) character file.

Game seed: 16612358307172687610

77 qw the Shooter (level 4, 0/36 HPs)
             Began as a Minotaur Hexslinger on July 9, 2023.
             Slain by an orc wizard
             ... wielding a +0 dagger
              (3 damage)
             ... on level 2 of the Dungeon.
             The game lasted 00:00:46 (1262 turns).

qw the Shooter (Minotaur Hexslinger)                Turns: 1262, Time: 00:00:46

Health: 0/36       AC:  7    Str: 19    XL:     4   Next: 14%
Magic:  4/4        EV: 11    Int: 10    God:
Gold:   29         SH:  5    Dex: 14    Spells: 4/5 levels left

rFire   . . .        Y - +1 sling
rCold   . . .        (no shield)
rNeg    . . .        d - +0 ring mail
rPois   .            (helmet restricted)
rElec   .            (no cloak)
rCorr   .            h - +0 pair of gloves
SInv    .            g - +0 pair of boots
Will    .....        a - amulet of reflection
Stlth   +            i - +6 ring of strength
HPRegen 0.26/turn    (no ring)
MPRegen 0.09/turn

%: reflection
@: no status effects
A: horns 2, retaliatory headbutt
a: no special abilities


You were on level 2 of the Dungeon.
You visited 1 branch of the dungeon, and saw 3 of its levels.

You collected 29 gold pieces.


Innate Abilities, Weirdness & Mutations

You have a pair of horns on your head.
You reflexively headbutt those who attack you in melee.


   Skills:
 - Level 2.0 Fighting
 + Level 4.4 Ranged Weapons
 - Level 1.2 Armour
 - Level 2.1 Dodging
 - Level 1.0 Spellcasting
 - Level 2.0 Hexes


You had 4 spell levels left.
You knew the following spells:

 Your Spells              Type           Power      Damage    Failure   Level
a - Slow                  Hex            16%        N/A       26%         1

Your spell library contained the following spells:

 Spells                   Type           Power      Damage    Failure   Level
 Inner Flame              Hex/Fire       2%         N/A       75%         3
 Portal Projectile        Hex/Tloc       4%         N/A       75%         3
 Cause Fear               Hex            2%         N/A       95%         4

Inventory:

Hand Weapons
 Y - a +1 sling (weapon)
Armour
 d - a +0 ring mail (worn)
 g - a +0 pair of boots (worn)
 h - a +0 pair of gloves (worn)
Jewellery
 a - an amulet of reflection (around neck)
 i - a +6 ring of strength (left hand)
Potions
 c - a potion of enlightenment {unknown}
 e - a potion of lignification {unknown}
 f - a potion of heal wounds {unknown}

Dungeon Overview and Level Annotations

Branches:
Dungeon (3/15)

Altars:


Message History

You block something's attack.
You shoot a sling bullet. You block something's attack.
You shoot a sling bullet. Something hits you.
Something hits you but does no damage.
You shoot a sling bullet. Something hits you.
You shoot a sling bullet. Something hits you.
You shoot a sling bullet. Something hits you but does no damage.
You shoot a sling bullet. Something hits you.
Something hits you but does no damage.
You shoot a sling bullet. Something hits you but does no damage.
You shoot a sling bullet. Something hits you but does no damage.
You shoot a sling bullet. Something hits you.
You shoot a sling bullet. Something hits you.
You shoot a sling bullet. Something hits you but does no damage.
You hear some strange, mumbled words.
Something tries to affect you, but you resist.
You shoot a sling bullet.
An orc wizard appears from thin air!
Reactivating autopickup.
The orc wizard hits you but does no damage.
You shoot a sling bullet.
The sling bullet hits the orc wizard but does no damage.
The orc wizard is severely wounded.
The orc wizard hits you but does no damage.
You shoot a sling bullet.
The sling bullet barely misses the orc wizard.
The orc wizard hits you with a +0 dagger.
You shoot a sling bullet. The sling bullet hits the orc wizard.
The orc wizard is almost dead.
The orc wizard hits you with a +0 dagger.
You die...

##..)..#...........##.##.....
##.####...##......##..##...#
####.####.###........##..###..
#.........##..........##...##.
#.##.#######.#.<.......###.##.
#..#.# ####.#.........###....
##.#.# ####.#.........##.....
#.#.# #####.#.........#......
#####.#.###.....@o...............
#....)...####....).........#.....
#.........................##.....
#........######.#.........##.....
#........# ####.#................
#.......)######.#..........#..#.#
#...........#.............##.##.#
#.......#.#.#.#.##........##.##.#
#######.#.....#.###.......##.##.#


You could see an orc wizard.

Vanquished Creatures
  2 adders (D:2)
  3 dart slugs
  3 orcs
  5 ball pythons
  2 endoplasms (D:2)
  3 giant cockroaches
  3 goblins
  7 hobgoblins
  5 kobolds
  3 quokkas
  4 bats
  3 frilled lizards
  3 rats
46 creatures vanquished.

Notes
Turn   | Place    | Note
-------+----------+-------------------------------------------
     0 | D:1      | qw the Minotaur Hexslinger began the quest for the Orb.
     0 | D:1      | Reached XP level 1. HP: 16/16 MP: 1/1
     0 | D:1      | 0 ||| qw: Version: 0.3-a-51-g015441d
     0 | D:1      | 0 ||| qw: Game counter: 4441
     0 | D:1      | 0 ||| qw: Melee chars always use a shield: true
     0 | D:1      | 0 ||| qw: God list: Okawaru
     0 | D:1      | 0 ||| qw: Allow faded altars: false
     0 | D:1      | 0 ||| qw: Do Orc after clearing Dungeon:15 true
     0 | D:1      | 0 ||| qw: Do second Lair branch before Depths: true
     0 | D:1      | 0 ||| qw: Lair rune preference: random
     0 | D:1      | 0 ||| qw: Goals: Normal
     0 | D:1      | 0 ||| PLANNING D:1-11
    19 | D:1      | 19 ||| FLEEEEING.
    20 | D:1      | 20 ||| FLEEEEING.
    25 | D:1      | 25 ||| FLEEEEING.
    26 | D:1      | 26 ||| FLEEEEING.
   282 | D:1      | Reached skill level 3 in Ranged Weapons
   282 | D:1      | Reached XP level 2. HP: 22/23 MP: 2/2
   618 | D:1      | 618 ||| UPGRADING to +0 ring mail.
   628 | D:1      | 628 ||| DROPPING +0 robe.
   629 | D:1      | 629 ||| UPGRADING to +0 pair of boots.
   634 | D:1      | 634 ||| UPGRADING to +6 ring of strength.
   635 | D:1      | 635 ||| READING scroll labelled WOGGOT VEKLOFOEM.
   636 | D:1      | 636 ||| READING scroll labelled BIPTI GIAQAIC.
   637 | D:1      | 637 ||| DROPPING scroll of poison.
   693 | D:2      | Reached XP level 3. HP: 26/29 MP: 3/3
   883 | D:2      | Reached skill level 4 in Ranged Weapons
   904 | D:2      | Reached skill level 1 in Armour
  1085 | D:2      | Reached XP level 4. HP: 36/36 MP: 4/4
  1094 | D:2      | 1094 ||| UPGRADING to +0 pair of gloves.
  1099 | D:2      | 1099 ||| UPGRADING to amulet of reflection.
  1104 | D:2      | 1104 ||| READING scroll labelled ESEURH YPSO.
  1109 | D:2      | 1109 ||| READING scroll labelled OZXITA ABELIR.
  1110 | D:2      | 1110 ||| READING scroll labelled ULUCWUD CENOT.
  1126 | D:3      | 1126 ||| STAIRDANCE
  1207 | D:3      | 1207 ||| STAIRDANCE
  1249 | D:2      | HP: 9/36 [something (2)]
  1253 | D:2      | HP: 4/36 [something (2)]
  1261 | D:2      | HP: 3/36 [orc wizard/+0 dagger (1)]
  1262 | D:2      | Slain by an orc wizard

Levels and vault maps discovered:
D:1:      psy_arrival_fountain, layout_loops_ring, chequers_serial_rivers_marsh,
          minmay_statues_item, glass_columns_b
D:2:      layout_rooms, st_stairs_8
D:3:      layout_basic, grunt_ministairs_13, nicolae_kite_square_tiling_tiny,
          uniq_robin, uniq_terence, uniq_jessica

Skill      XL: |  1  2  3 |
---------------+----------+-----
Ranged Weapons | 3 4 |  4.4
Fighting       | 2 |  2.0
Armour         | 1 |  1.2
Dodging        | |  2.1
Spellcasting   | |  1.0
Hexes          | |  2.0

Action                     |  1- 3 |  4- 6 || total
---------------------------+-------+-------++-------
   Fire: Sling             |   116 |    74 ||   190
    Use: Scroll            |     2 |     3 ||     5
 Armour: Robe              |     1 |       ||     1
         Ring mail         |    14 |    37 ||    51
  Dodge: Dodged            |    30 |    12 ||    42
  Block: Other             |       |     9 ||     9

Table legend:
 A = Non-vault XP
 B = Vault XP
 C = Vault XP percentage of total XP
 D = Non-vault monster count
 E = Vault monster count
 F = Vault count percentage of total count
                 A         B        C        D         E       F
            +---------+---------+-------+---------+---------+-------
      Total |     109 |       2 |   1.8 |      45 |       1 |   2.2
            +---------+---------+-------+---------+---------+-------
        D:1 |      35 |       0 |   0.0 |      18 |       0 |   0.0
        D:2 |      67 |       2 |   2.9 |      24 |       1 |   4.0
        D:3 |       7 |       0 |   0.0 |       3 |       0 |   0.0
            +---------+---------+-------+---------+---------+-------
